 Dungeon Crawl Stone Soup version 0.17.0 (webtiles) character file.

1393 patrick the Agent of Entropy (level 8, 0/63 HPs)
             Began as a Demonspawn Abyssal Knight on Nov 19, 2015.
             Was a Priest of Lugonu.
             Slain by an ice beast (11 damage)
             ... on level 9 of the Dungeon.
             The game lasted 00:18:16 (7952 turns).

patrick the Agent of Entropy (DsAK)                 Turns: 7952, Time: 00:18:16

Health: 0/63       AC: 15    Str: 14 (17) XL:     8   Next: 41%
Magic:  0/12       EV: 12    Int: 15      God:    Lugonu [***...]
Gold:   294        SH:  0    Dex: 13      Spells: 1 memorised, 6 levels left

rFire  . . .     SeeInvis .     a - +1 spear
rCold  . . .     Clarity  .     f - +0 swamp dragon armour
rNeg   + . .     SustAt   .     (no shield)
rPois  +         Gourm    .     (helmet restricted)
rElec  .         Spirit   .     j - +0 cloak
rCorr  .         Warding  +     b - +0 pair of gloves
rMut   .         Stasis   .     (no boots)
MR     .....                    h - amulet of warding
Stlth  +.........               s - +5 ring of protection
                                e - +6 ring of strength

@: not resistant to hostile enchantments, very unstealthy
A: antennae 1, fangs 1, hooves 2, blink, foul stench 1, nightstalker 1, weak 1,
rot immunity
a: Blink, Depart the Abyss, Bend Space, Banish, Renounce Religion


You were on level 9 of the Dungeon.
You worshipped Lugonu.
Lugonu was most pleased with you.
You were very hungry.

You visited 1 branch of the dungeon, and saw 9 of its levels.
You visited the Abyss 1 time.

You collected 294 gold pieces.

Inventory:

Hand Weapons
 a - a +1 spear (weapon)
Armour
 b - a +0 pair of gloves (worn)
 f - a +0 swamp dragon armour (worn)
 j - a +0 cloak (worn)
Jewellery
 e - a +6 ring of strength (left hand)
 h - an amulet of warding (around neck)
 o - an uncursed ring of protection from fire
 r - an uncursed amulet of resist mutation
 s - a +5 ring of protection (right hand)
Wands
 l - a wand of random effects (12)
Scrolls
 d - 2 scrolls of amnesia
 m - 4 scrolls of magic mapping
 n - a scroll of remove curse
 p - a scroll of identify
 v - a scroll of recharging
Potions
 t - a potion of cancellation {unknown}
Books
 g - a Necronomicon

   Spells                             Type                      Level
   a - Haunt                          Necromancy/Summoning         7
   b - Borgnjor's Revivification      Necromancy                   8
   c - Death's Door                   Charms/Necromancy            8
   d - Necromutation                  Transmutation/Necromancy     8
 k - a book of Air

   Spells                             Type                      Level
   a - Shock                          Conjuration/Air              1
   b - Swiftness                      Charms/Air                   2
   c - Repel Missiles                 Charms/Air                   2
   d - Static Discharge               Conjuration/Air              3
   e - Lightning Bolt                 Conjuration/Air              5
 q - First Steps in the Arcane Arts
   (You found it on level 4 of the Dungeon)

   Spells                             Type                      Level
   a - Infusion                       Charms                       1
   b - Corona                         Hexes                        1
   c - Freeze                         Ice                          1
   d - Pain                           Necromancy                   1
   e - Apportation                    Translocation                1
Comestibles
 c - 5 bread rations
 i - 3 meat rations


   Skills:
 + Level 5.4 Fighting
 + Level 4.2 Polearms
 + Level 4.6 Armour
 + Level 4.2 Dodging
 + Level 6.5 Invocations


You had 6 spell levels left.
You knew the following spells:

 Your Spells              Type           Power        Failure   Level  Hunger
a - Pain                  Necr           #...         54%         1    ##.....


Dungeon Overview and Level Annotations

Branches:
Dungeon (10/15)            Temple (0/1) D:6
   Lair: D:8-11         Orc: D:9-12

Altars:
Dithmenos
Elyvilon
Kikubaaqudgha
Makhleb
Nemelex Xobeh
Ru
Sif Muna
Vehumet
Yredelemnul
Zin

Portals:
Ossuary: D:7

Annotations:
D:9 Grum


Innate Abilities, Weirdness & Mutations

You have a pair of small antennae on your head.
You have hoof-like feet.
You may emit foul miasma when damaged in melee.
You are slightly more attuned to the shadows.
You are immune to rotting.
You have very sharp teeth.
You can translocate small distances at will.
You are weak. (Str -2)


Message History

Lugonu claims a new guest.
You are feeling very hungry.
The wolf barely misses you. x2
You don't have enough magic at the moment.
You hit the adder zombie. Your kick misses the adder zombie.
Your bite misses the adder zombie.
The hound skeleton bites you but does no damage.
The adder zombie barely misses you. The wolf completely misses you.
The hound skeleton closely misses you.
You puncture the hound skeleton!
You kick the hound skeleton, but do no damage.
You bite the hound skeleton, but do no damage.
The wolf bites you but does no damage. The adder zombie barely misses you.
The hound skeleton bites you.
* * * LOW HITPOINT WARNING * * *
The wolf closely misses you. The ice beast hits you.
* * * LOW HITPOINT WARNING * * *
The ice beast freezes you!
You die...

......_.........#
#.#.#...#.#.#...#
#.##.##.#
#.......#
#.####.####.#
#....§o§....#
######§######
.#....Zh§#
......@Y§§....
##.....Z......
#............
##...........
#...........
#...........
#..........


You could see an ice beast, a wolf, an orc, an adder zombie and a hound
skeleton.

Vanquished Creatures
  A hippogriff (D:7)
  An ice beast (D:6)
  2 ogres (D:6)
  A phantom (D:5)
  A giant frog (D:6)
  A hound (D:5)
  An iguana (D:7)
  4 jellies
  3 orc wizards (D:5)
  3 worker ants
  A hound zombie (D:6)
  4 gnolls
  A river rat (D:6)
  2 shadow imps (D:3)
  15 adders
  2 oozes
  An adder zombie (D:6)
  A worm (D:2)
  2 giant geckos
  13 orcs
  9 bats
  3 giant cockroaches
  9 hobgoblins
  4 jackals (D:1)
  7 kobolds
  2 ball pythons (D:2)
  5 giant newts
  11 goblins
  A jackal skeleton (D:6)
  A jackal zombie (D:1)
  3 quokkas
  3 quokka skeletons (D:5)
  A quokka zombie (D:1)
  6 rats
125 creatures vanquished.

Vanquished Creatures (others)
  2 wolves (D:9)
  A sky beast (D:5)
3 creatures vanquished.

Grand Total: 128 creatures vanquished

Notes
Turn   | Place    | Note
--------------------------------------------------------------
     0 | Abyss:1  | patrick the Demonspawn Abyssal Knight began the quest for the Orb.
     0 | Abyss:1  | Reached XP level 1. HP: 18/18 MP: 2/2
    38 | Abyss:1  | Found a corrupted altar of Lugonu.
   110 | Abyss:1  | Noticed a death drake
   156 | Abyss:1  | Noticed a chaos spawn
   158 | D:1      | Escaped the Abyss
   337 | D:1      | Reached skill level 1 in Dodging
   341 | D:1      | Reached * piety under Lugonu
   341 | D:1      | Gained mutation: You are immune to rotting. [demonic ancestry]
   341 | D:1      | Reached XP level 2. HP: 17/24 MP: 4/4
  1417 | D:2      | Gained mutation: Your muscles are strong. (Str +2) [potion of mutation]
  1417 | D:2      | Gained mutation: Scrolls take you a little longer to read. [potion of mutation]
  1417 | D:2      | Gained mutation: Your muscles are very strong. (Str +4) [potion of mutation]
  1419 | D:2      | Reached XP level 3. HP: 9/29 MP: 5/5
  1441 | D:2      | Lost mutation: Scrolls take you a little longer to read. [potion of cure mutation]
  1441 | D:2      | Lost mutation: Your muscles are very strong. (Str +4) [potion of cure mutation]
  1441 | D:2      | Lost mutation: Your muscles are strong. (Str +2) [potion of cure mutation]
  1504 | D:2      | Found a shadowy altar of Dithmenos.
  2141 | D:2      | Gained mutation: You have large cloven feet. [demonic ancestry]
  2141 | D:2      | Reached XP level 4. HP: 9/35 MP: 6/6
  2163 | D:2      | Found a glowing silver altar of Zin.
  2190 | D:2      | Gained mutation: You are weak. (Str -2) [potion of mutation]
  2190 | D:2      | Gained mutation: You have hoof-like feet. [potion of mutation]
  2190 | D:2      | Gained mutation: Scrolls take you a little longer to read. [potion of mutation]
  2191 | D:2      | Lost mutation: Scrolls take you a little longer to read. [potion of mutation]
  2191 | D:2      | Gained mutation: You can translocate small distances at will. [potion of mutation]
  2191 | D:2      | Gained mutation: You have very sharp teeth. [potion of mutation]
  2677 | D:2      | Reached ** piety under Lugonu
  3269 | D:3      | Gained mutation: You may emit foul miasma when damaged in melee. [demonic ancestry]
  3269 | D:3      | Reached XP level 5. HP: 37/41 MP: 7/7
  3417 | D:3      | Reached skill level 4 in Invocations
  3910 | D:3      | Found an ancient bone altar of Kikubaaqudgha.
  3917 | D:3      | Found a burning altar of Makhleb.
  3962 | D:3      | Found a basalt altar of Yredelemnul.
  4120 | D:4      | Identified First Steps in the Arcane Arts
  4123 | D:4      | Learned a level 1 spell: Pain
  4319 | D:4      | Found a white marble altar of Elyvilon.
  4364 | D:4      | Found a glowing drain.
  4570 | D:4      | Found a sparkling altar of Nemelex Xobeh.
  4865 | D:5      | Entered Level 5 of the Dungeon
  4940 | D:5      | Reached XP level 6. HP: 48/48 MP: 9/9
  4944 | D:5      | Reached *** piety under Lugonu
  5112 | D:5      | Noticed a sky beast
  5151 | D:5      | Killed a sky beast
  5246 | D:5      | Reached skill level 5 in Invocations
  5707 | D:5      | Noticed a phantom
  5731 | D:5      | Killed a phantom
  5731 | D:5      | Gained mutation: You are slightly more attuned to the shadows. [demonic ancestry]
  5731 | D:5      | Reached XP level 7. HP: 50/54 MP: 10/10
  6836 | D:6      | Noticed Sigmund
  6842 | D:6      | Found a deep blue altar of Sif Muna.
  6853 | D:6      | Noticed Sigmund
  6853 | D:6      | Sigmund changed into Sigmund the river rat
  6866 | D:6      | Killed Sigmund the river rat
  7024 | D:6      | Found a staircase to the Ecumenical Temple.
  7113 | D:6      | Reached skill level 5 in Fighting
  7113 | D:6      | Reached skill level 6 in Invocations
  7113 | D:6      | Gained mutation: You have a pair of small antennae on your head. [demonic ancestry]
  7113 | D:6      | Reached XP level 8. HP: 29/62 MP: 12/12
  7369 | D:6      | Found a radiant altar of Vehumet.
  7549 | D:7      | Found a sand-covered staircase.
  7804 | D:7      | You fall through a shaft for 3 floors!
  7804 | D:10     | Entered Level 10 of the Dungeon
  7845 | D:9      | Found a sparkling altar of Nemelex Xobeh.
  7923 | D:9      | Noticed Grum
  7933 | D:9      | Found a sacrificial altar of Ru.
  7952 | D:9      | Slain by an ice beast

Action                   |  1- 3 |  4- 6 |  7- 9 || total
-------------------------+-------+-------+-------++-------
Melee: Spear             |   154 |   318 |   176 ||   648
Invok: Depart the Abyss  |     1 |       |       ||     1
       Banish            |       |       |     3 ||     3
Evoke: Wand              |       |     4 |    21 ||    25
  Use: Scroll            |     7 |     6 |     5 ||    18
       Potion            |     4 |     4 |     2 ||    10
 Stab: Paralysed         |       |       |     4 ||     4
       Sleeping          |       |       |     2 ||     2
  Eat: Chunk             |     4 |     8 |     3 ||    15
       Pizza             |       |     2 |     1 ||     3
       Beef jerky        |       |     1 |       ||     1
       Fruit             |       |       |     3 ||     3
